 Dungeon Sprint DCSS version 0.27-a0-203-gd48b2df3c9 (webtiles) character file.

Game seed: 13604080285990908136

3146 mhtbhm the Martial Artist (level 9, -6/57 HPs)
             Began as an Octopode Transmuter on Jan 30, 2021.
             Was an Elder of Sif Muna.
             Mangled by a boulder beetle (21 damage)
             ... in the Dungeon (Sprint IX: "|||||||||||||||||||||||||||||").
             The game lasted 00:02:10 (1385 turns).

mhtbhm the Martial Artist (Octopode Transmuter)     Turns: 1385, Time: 00:02:11

Health: -6/57      AC:  1    Str: 12    XL:     9   Next: 93%
Magic:  11/23      EV: 18    Int: 19    God:    Sif Muna [****..]
Gold:   2          SH:  0    Dex: 15    Spells: 13/28 levels left

rFire    . . .     SeeInvis .     - Unarmed
rCold    . . .     Faith    .   (shield currently unavailable)
rNeg     . . .     Spirit   .   (helmet restricted)
rPois    .         Reflect  .   (no amulet)
rElec    .         Harm     .   j - +3 ring of intelligence
rCorr    .         Rampage  .   k - +3 ring of dexterity
Will     .....     NoTele   +   (no ring)
Stlth    +++++.....             (no ring)
HPRegen  0.19/turn              (no ring)
MPRegen  0.18/turn              (no ring)
                                (no ring)
                                (no ring)

@: blade tentacles, wereblooded (expiring), very slightly contaminated
A: almost no armour, stealthy swim, amphibious, 8 rings, constrict 8, camouflage
1, gelatinous body 1
a: End Transformation, Renounce Religion, Channel Magic, Forget Spell, Divine
Exegesis


You were in the Dungeon.
You worshipped Sif Muna.
Sif Muna was greatly pleased with you.
You had blades for tentacles.
You visited 1 branch You collected 2 gold pieces.

Inventory:

Jewellery
 j - a +3 ring of intelligence (left scythe-like blade)
 k - a +3 ring of dexterity (right scythe-like blade)
Wands
 i - a wand of iceblast (9)
Scrolls
 f - 3 scrolls of remove curse
 g - 2 scrolls of blinking
 h - 2 scrolls of amnesia
 m - 3 scrolls of fog
 n - a scroll of identify
Potions
 a - a potion of invisibility
 b - 5 potions of curing
 c - 2 potions of heal wounds
 d - 4 potions of haste
 e - 4 potions of magic
 l - a potion of berserk rage


   Skills:
 + Level 3.4 Fighting
 + Level 7.1 Dodging
 + Level 7.9 Stealth
 + Level 14.8 Unarmed Combat
 + Level 10.0 Spellcasting
 + Level 8.1 Transmutations
 + Level 3.3 Ice Magic
 + Level 0.8 Evocations


You had 13 spell levels left.
You knew the following spells:

 Your Spells              Type           Power        Failure   Level
a - Beastly Appendage     Tmut           80%          10%         1
b - Wereblood             Tmut           40%          11%         2
c - Spider Form           Tmut/Pois      12%          30%         3
d - Ice Form              Ice/Tmut       31%          38%         4
e - Blade Hands           Tmut           20%          41%         5

Your spell library contained the following spells:

 Spells                   Type           Power        Failure   Level


Dungeon Overview and Level Annotations

Branches:
Dungeon (1/1)

Altars:
Cheibriados
Dithmenos
Elyvilon
Fedhas
Gozag
Hepliaklqana
Kikubaaqudgha
Makhleb
Nemelex Xobeh
Okawaru
Qazlal
Ru
Sif Muna
Trog
Uskayaw
Vehumet
Wu Jian
Xom
Yredelemnul
Zin
The Shining One
Beogh
Jiyva
Lugonu


Innate Abilities, Weirdness & Mutations

You cannot wear most types of armour.
You are very stealthy in the water. (Stealth+)
You are amphibious.
You can wear up to eight rings at the same time.
You can use your tentacles to constrict eight enemies at once.
Your skin changes colour to match your surroundings (Stealth+).
Your rubbery body absorbs attacks. (AC +1, EV +1)


Message History

The boulder beetle is moderately wounded.
The boulder beetle bites you!!
Ouch! That really hurt!
* * * LOW HITPOINT WARNING * * *
You are too injured to fight recklessly!
You are too injured to fight recklessly!
You are too injured to fight recklessly!
You are too injured to fight recklessly!
You are too injured to fight recklessly!
You are too injured to fight recklessly!
You are too injured to fight recklessly!
You are too injured to fight recklessly!
You slice the boulder beetle!!
The boulder beetle is severely wounded.
The boulder beetle closely misses you.
You slash the boulder beetle!
The boulder beetle is almost dead.
Your primal bloodlust is almost over.
The boulder beetle bites you!!
You die...

▓.▓.▓_▓
▓.▓.▓_▓
▓'▓.▓_▓
▓÷▓.▓_▓
▓.▓.▓_▓
▓.▓.▓_▓
▓.▓.▓_▓
▓B▓.▓_▓
▓@▓.▓_▓
▓.▓.▓_▓
▓.▓.▓_▓
▓.▓.▓_▓
▓+▓.▓_▓
▓.▓_▓
▓.▓_▓
▓.▓_▓
▓.▓_▓


You could see a boulder beetle.

Vanquished Creatures
  A two-headed ogre (D)
  A black mamba (D)
  2 cane toads (D)
  A troll (D)
  A slime creature (D)
  A blink frog (D)
  A wyvern (D)
  A basilisk (D)
  2 water moccasins (D)
  An orc warrior (D)
  An ice beast (D)
  An ogre (D)
  A centaur (D)
  2 bullfrogs (D)
  2 orc wizards (D)
  A worker ant (D)
  A white imp (D)
  A dart slug (D)
  A leopard gecko (D)
  A bat (D)
  A bat skeleton (D)
  A bat zombie (D)
  A goblin (D)
  A hobgoblin (D)
  A ball python (D)
29 creatures vanquished.

Vanquished Creatures (others)
  An orc wizard (D)
1 creature vanquished.

Grand Total: 30 creatures vanquished

Notes
Turn   | Place    | Note
-------+----------+-------------------------------------------
     0 | D        | mhtbhm the Octopode Transmuter began the quest for the Orb.
     0 | D        | Reached XP level 1. HP: 13/13 MP: 3/3
    13 | D        | Reached skill level 4 in Unarmed Combat
    14 | D        | Reached XP level 2. HP: 18/18 MP: 5/5
   155 | D        | Noticed a centaur
   161 | D        | Learned a level 2 spell: Wereblood
   172 | D        | Reached skill level 1 in Stealth
   172 | D        | Reached skill level 5 in Unarmed Combat
   172 | D        | Reached XP level 3. HP: 22/23 MP: 3/7
   176 | D        | Killed a centaur
   177 | D        | Reached skill level 7 in Unarmed Combat
   177 | D        | Reached XP level 4. HP: 7/28 MP: 3/10
   177 | D        | Reached XP level 5. HP: 8/33 MP: 3/11
   188 | D        | Learned a level 3 spell: Spider Form
   193 | D        | Learned a level 4 spell: Ice Form
   198 | D        | Found a roughly hewn altar of Beogh.
   198 | D        | Found a snail-covered altar of Cheibriados.
   198 | D        | Found a shadowy altar of Dithmenos.
   198 | D        | Found a white marble altar of Elyvilon.
   198 | D        | Found a blossoming altar of Fedhas.
   198 | D        | Found an opulent altar of Gozag.
   199 | D        | Found a hazy altar of Hepliaklqana.
   200 | D        | Found a viscous altar of Jiyva.
   201 | D        | Found an ancient bone altar of Kikubaaqudgha.
   202 | D        | Found a corrupted altar of Lugonu.
   203 | D        | Found a burning altar of Makhleb.
   204 | D        | Found a sparkling altar of Nemelex Xobeh.
   205 | D        | Found an iron altar of Okawaru.
   206 | D        | Found a stormy altar of Qazlal.
   207 | D        | Found a sacrificial altar of Ru.
   208 | D        | Found a shimmering blue altar of Sif Muna.
   209 | D        | Found a bloodstained altar of Trog.
   210 | D        | Found a hide-covered altar of Uskayaw.
   211 | D        | Found a radiant altar of Vehumet.
   212 | D        | Found an ornate altar of the Wu Jian Council.
   213 | D        | Found a shimmering altar of Xom.
   214 | D        | Found a basalt altar of Yredelemnul.
   215 | D        | Found a glowing silver altar of Zin.
   216 | D        | Became a worshipper of Sif Muna the Loreminder
   217 | D        | Found a glowing golden altar of the Shining One.
   432 | D        | Noticed an ice beast
   432 | D        | Noticed an ogre
   432 | D        | Noticed an orc warrior
   440 | D        | Killed an ice beast
   441 | D        | Reached skill level 9 in Unarmed Combat
   441 | D        | Reached skill level 5 in Spellcasting
   444 | D        | Killed an ogre
   445 | D        | Reached skill level 1 in Ice Magic
   445 | D        | Reached XP level 6. HP: 38/38 MP: 7/14
   445 | D        | Reached * piety under Sif Muna
   446 | D        | Reached skill level 10 in Unarmed Combat
   449 | D        | Killed an orc warrior
   450 | D        | Reached skill level 5 in Dodging
   450 | D        | Reached skill level 5 in Transmutations
   451 | D        | Reached skill level 11 in Unarmed Combat
   451 | D        | Reached XP level 7. HP: 43/43 MP: 8/16
   451 | D        | Reached ** piety under Sif Muna
   480 | D        | Learned a level 5 spell: Blade Hands
   737 | D        | Noticed a troll
   737 | D        | Noticed a slime creature
   737 | D        | Noticed a two-headed ogre
   741 | D        | Killed a troll
   744 | D        | Killed a slime creature
   745 | D        | Reached skill level 5 in Stealth
   745 | D        | Reached skill level 12 in Unarmed Combat
   745 | D        | Reached XP level 8. HP: 11/50 MP: 11/19
   747 | D        | Killed a two-headed ogre
   748 | D        | Reached skill level 13 in Unarmed Combat
   749 | D        | Reached *** piety under Sif Muna
  1016 | D        | Noticed a cane toad
  1016 | D        | Noticed a black mamba
  1016 | D        | Noticed a cane toad
  1016 | D        | Noticed a blink frog
  1018 | D        | Noticed a boulder beetle
  1019 | D        | Killed a cane toad
  1020 | D        | Reached XP level 9. HP: 55/55 MP: 15/21
  1026 | D        | Killed a black mamba
  1026 | D        | Reached **** piety under Sif Muna
  1029 | D        | Reached skill level 14 in Unarmed Combat
  1041 | D        | Killed a cane toad
  1377 | D        | Reached skill level 10 in Spellcasting
  1385 | D        | Mangled by a boulder beetle

Illustrated notes

Levels and vault maps discovered:
D:        linesprint [early_d, line_temple, items_1, d_10, items_2, lair_1,
          lair_end, items_3, orc_1, orc_end, items_4, d_15, swamp_1, shoals_1,
          snake_1, spider_1, d_20, vaults_1, items_5, swamp_end, shoals_end,
          snake_end, spider_end, vaults_end, d_27, items_6, zot_1, zot_end,
          crypt_end, forest_end, elf_end, slime_end, tomb_end, abyss_end,
          pan_hell_end]

Skill      XL: |  1  2  3  4  5  6  7  8  9 |
---------------+----------------------------+-----
Unarmed Combat | 4 5 7 9 11 12 13 14 | 14.8
Dodging        | 3 4 5 6 7 |  7.1
Stealth        | 1 2 3 4 5 7 |  7.9
Spellcasting   | 3 4 5 6 7 8 10 | 10.0
Transmutations | 3 4 5 6 7 8 |  8.1
Ice Magic      | 1 2 3 |  3.3
Fighting       | 2 3 |  3.4
Evocations     | |  0.8

Action                   |  1- 3 |  4- 6 |  7- 9 || total
-------------------------+-------+-------+-------++-------
Melee: Unarmed           |    23 |    15 |    48 ||    86
       Constrict         |     5 |       |     2 ||     7
       Tentacles         |     2 |       |     4 ||     6
       Kick              |     2 |       |       ||     2
       Punch             |     1 |       |     2 ||     3
 Cast: Wereblood         |     1 |     1 |     3 ||     5
       Beastly Appendage |     1 |       |       ||     1
       Ice Form          |       |     1 |     1 ||     2
       Blade Hands       |       |       |     3 ||     3
Evoke: Wand              |       |     1 |       ||     1
  Use: Potion            |     2 |       |     2 ||     4
       Scroll            |       |       |     1 ||     1
 Stab: Sleeping          |     1 |       |     1 ||     2
Armor: Skin              |     1 |     1 |       ||     2
Dodge: Dodged            |    11 |     8 |    20 ||    39

Table legend: (Time is in decaauts)
 A = Elapsed time spent in this place.
 B = Non-inter-level travel time spent in this place.
 C = Inter-level travel time spent in this place.
 D = Time resting spent in this place.
 E = Time spent auto-exploring this place.
 F = Levels seen in this place.
 G = Mean time per level.
                   A        B        C        D        E       F      G
               +--------+--------+--------+--------+--------+-----+--------+
         Total |   1377 |   1377 |      0 |    868 |    231 |   1 | 1377.0 |
       Dungeon |   1377 |   1377 |      0 |    868 |    231 |   1 | 1377.0 |
               +--------+--------+--------+--------+--------+-----+--------+

Top non-repeatable levels by time:
       D: 1377 daAuts
